Map: Tunguska

Players

俺是大妞呀 - Winner!

  • Race: Protoss Protoss
  • Spawn Location: 11:00

Athina - Winner!

  • Race: Protoss Protoss
  • Spawn Location: 11:00

PinguLance - Winner!

  • Race: Zerg Zerg
  • Spawn Location: 11:00

暴风雪爸爸 - Winner!

  • Race: Protoss Protoss
  • League: Silver
  • Spawn Location: 9:00

博哥大舅子

  • Race: Protoss Protoss
  • Spawn Location: 5:00

IIIIIIIIIIII

  • Race: Zerg Zerg
  • Spawn Location: 3:00

光影之间

  • Race: Protoss Protoss
  • Spawn Location: 5:00

underman

  • Race: Protoss Protoss
  • Spawn Location: 5:00

VOD

Have the link to the VOD?

Description

test

Time

  • Played on: Nov. 17, 2025, 11:26 a.m.
  • Length: 11:20
Show
View Real Time Build Order
Export as new Build Order

俺是大妞呀 Protoss - Winner!

Build Orders: Mass Phoenix 

Get SALT Encoding   

  1  0:00  Probe  
  12  0:05  Probe  
  14  0:15  Probe  
  15  0:34  Pylon  
  15  0:52  Probe  
  16  1:04  Probe  
  17  1:16  Probe  
  18  1:26  Nexus  
  18  1:28  Probe  
  19  1:40  Probe  
  19  1:43  Pylon  
  20  1:49  Probe  
  20  1:51  Gateway  
  21  1:55  Assimilator  
  21  1:57  Probe  
  21  2:04  Forge  
  21  2:06  Probe  
  22  2:16  Probe  
  22  2:20  Assimilator  
  22  2:22  Pylon  
  23  2:24  Probe  
  24  2:33  Probe  
  25  2:41  Zealot  
  25  2:43  Cybernetics Core, Probe  
  26  2:45  Probe  
  29  2:55  Probe  
  29  2:57  Probe  
  31  3:01  Photon Cannon  
  31  3:06  Pylon  
  31  3:16  Zealot  
  31  3:17  Probe  
  31  3:18  Probe  
  35  3:25  Photon Cannon  
  35  3:29  Probe  
  36  3:44  Probe x2  
  38  3:52  Probe  
  38  3:55  Stargate  
  38  3:56  Probe, Stargate  
  38  3:57  Assimilator  
  38  4:00  Probe  
  38  4:01  Assimilator  
  40  4:08  Probe  
  42  4:10  Probe  
  43  4:20  Probe  
  43  4:22  Probe  
  45  4:26  Stargate  
  45  4:29  Pylon  
  45  4:32  Probe  
  45  4:34  Probe  
  47  4:44  Probe  
  47  4:45  Phoenix x2  
  52  4:50  Pylon  
  52  4:53  Probe  
  53  5:09  Phoenix  
  53  5:10  Phoenix x2  
  59  5:34  Phoenix  
  59  5:35  Phoenix x2, Nexus  
  65  5:37  Pylon  
  65  5:40  Assimilator  
  65  5:44  Assimilator  
  65  6:00  Phoenix x2  
  65  6:02  Phoenix  
  71  6:13  Probe x2  
  73  6:25  Phoenix x2, Probe x2  
  78  6:30  Phoenix  
  81  6:37  Probe  
  81  6:38  Probe  
  81  6:39  Photon Cannon  
  83  6:42  Photon Cannon  
  83  6:49  Phoenix, Probe  
  83  6:50  Probe  
  87  6:54  Probe  
  87  6:58  Phoenix x2  
  92  7:01  Probe  
  92  7:02  Probe  
  92  7:06  Probe  
  95  7:13  Probe  
  95  7:14  Phoenix, Probe  
  99  7:18  Probe  
  100  7:25  Probe  
  100  7:29  Phoenix  
  101  7:33  Pylon  
  101  7:35  Pylon x2  
  101  7:36  Pylon  
  99  7:38  Pylon  
  99  7:39  Cybernetics Core  
  99  7:40  Pylon  
  99  7:42  Phoenix  
  99  7:43  Fleet Beacon  
  101  7:48  Protoss Air Weapons Level 1  
  101  7:51  Phoenix  
  103  8:29  Shield Battery  
  103  8:47  Anion Pulse-Crystals  
  102  8:51  Void Ray x3  
  104  9:34  Void Ray  
  104  9:36  Void Ray x2  
  104  9:51  Flux Vanes  
  112  10:17  Void Ray  
  112  10:19  Void Ray, Pylon  
  112  10:20  Nexus, Pylon  
  112  10:22  Pylon, Assimilator  
  112  10:24  Pylon  
  112  10:25  Pylon  
  112  10:26  Pylon  
  112  10:27  Pylon  
  112  10:28  Void Ray, Pylon  
  116  10:29  Pylon  
Show
View Real Time Build Order
Export as new Build Order

Athina Protoss - Winner!

Build Orders: 1 Gate Expand 

Get SALT Encoding   

  12  0:01  Probe  
  13  0:13  Probe  
  14  0:22  Pylon  
  14  0:25  Probe  
  15  0:39  Probe  
  16  0:44  Gateway  
  16  0:47  Probe  
  16  0:49  Assimilator  
  16  0:55  Probe  
  18  1:06  Probe  
  19  1:18  Probe  
  20  1:30  Nexus, Probe  
  21  1:40  Cybernetics Core  
  21  1:43  Probe  
  22  1:51  Assimilator  
  22  1:55  Probe  
  22  2:00  Pylon  
  23  2:06  Warp Gate  
  23  2:14  Gateway  
  23  2:18  Probe  
  24  2:24  Twilight Council  
  24  2:30  Probe  
  25  2:45  Forge, Pylon  
  19  3:15  Protoss Ground Weapons Level 1  
  19  3:19  Probe x2  
  21  3:31  Probe x2  
  23  3:35  Robotics Facility  
  23  3:43  Probe  
  24  3:50  Photon Cannon  
  24  4:00  Shield Battery  
  24  4:01  Probe  
  25  4:04  Probe  
  25  4:09  Blink  
  26  4:13  Probe  
  26  4:16  Probe  
  28  4:25  Probe  
  28  4:29  Probe  
  30  4:36  Probe  
  31  4:39  Probe  
  31  4:44  Probe  
  32  4:47  Probe  
  34  4:53  Probe  
  34  4:55  Probe  
  34  4:58  Pylon  
  36  5:04  Probe  
  36  5:07  Probe, Gateway  
  37  5:09  Gateway  
  38  5:16  Probe  
  38  5:18  Gateway  
  38  5:19  Probe  
  38  5:20  Gateway  
  40  5:23  Observer  
  40  5:28  Probe  
  42  5:31  Protoss Ground Weapons Level 2  
  42  5:36  Gateway  
  42  5:41  Gateway  
  42  5:48  Gateway  
  42  5:54  Warp Prism  
  44  6:01  Pylon x2  
  44  6:08  Assimilator  
  44  6:12  Assimilator, Charge  
  44  6:43  Pylon  
  44  6:44  Pylon  
  44  7:29  Stalker x3  
  50  7:30  Stalker x3  
  50  7:31  Stalker x2  
  50  7:33  Stalker  
  62  7:39  Protoss Ground Weapons Level 3  
  44  8:01  Nexus  
  44  8:03  Stalker  
  44  8:04  Stalker x5  
  44  8:05  Stalker x3  
  62  8:14  Templar Archives  
  62  8:20  Pylon  
  62  8:21  Pylon  
  62  8:25  Pylon  
  62  8:27  Pylon  
  62  8:31  Pylon  
  62  8:42  Stalker  
  62  8:43  Stalker x2  
  62  8:46  Stalker  
  70  8:57  Stalker  
  70  8:58  Stalker  
  70  9:00  Stalker  
  71  9:24  Stalker x5  
  65  9:25  Stalker x2  
  65  9:27  Stalker  
  70  9:57  Stalker x4  
  70  9:58  Stalker x2  
  82  10:23  Nexus  
  82  10:24  Pylon  
  82  10:26  Pylon  
Show
View Real Time Build Order
Export as new Build Order

PinguLance Zerg - Winner!

Build Orders: Hatch First, Brood Lord Corruptor 

Get SALT Encoding   

  12  0:01  Drone  
  13  0:08  Drone  
  14  0:36  Extractor, Drone  
  14  0:41  Hatchery  
  14  0:42  Drone  
  14  1:01  Spawning Pool, Drone  
  14  1:11  Overlord  
  14  1:20  Overlord  
  14  1:29  Drone  
  14  1:30  Drone  
  16  1:47  Metabolic Boost  
  16  1:50  Zergling x4  
  16  1:53  Zergling x2  
  19  1:57  Zergling x2  
  20  2:05  Zergling x2  
  20  2:07  Zergling x2  
  22  2:14  Queen  
  24  2:18  Zergling x2  
  25  2:38  Zergling x6  
  25  2:39  Zergling x4  
  30  2:47  Zergling x2  
  30  2:50  Zergling x2  
  32  2:58  Overlord  
  32  3:03  Zergling x2  
  33  3:14  Zergling x2  
  33  3:15  Zergling x2  
  30  3:28  Zergling x4  
  30  3:29  Zergling x4  
  33  3:37  Zergling x2  
  32  3:51  Zergling x8  
  33  4:08  Drone x2  
  35  4:16  Drone  
  34  4:18  Lair  
  34  4:22  Hatchery  
  31  4:25  Zergling x6  
  33  4:38  Drone x2  
  35  4:44  Drone  
  33  4:53  Drone, Hatchery  
  33  4:59  Drone x2  
  35  5:00  Drone  
  35  5:06  Drone x2  
  34  5:15  Drone  
  34  5:16  Drone  
  34  5:19  Drone  
  37  5:24  Infestation Pit  
  37  5:26  Extractor  
  35  5:29  Evolution Chamber, Drone x2  
  36  5:40  Drone  
  36  5:41  Drone x2  
  39  5:46  Drone  
  39  5:47  Drone  
  41  5:50  Spore Crawler, Drone  
  41  5:53  Overlord  
  41  5:54  Drone  
  42  5:58  Extractor, Drone  
  42  5:59  Extractor  
  41  6:06  Drone x2  
  43  6:20  Hive  
  43  6:23  Drone  
  44  6:27  Unknown  
  44  6:29  Drone x2  
  45  6:38  Spire, Drone  
  45  6:42  Drone  
  45  6:43  Drone x2  
  48  6:48  Drone  
  48  6:49  Drone x2  
  48  6:50  Drone  
  52  6:55  Overlord  
  52  6:56  Drone  
  52  6:58  Drone  
  54  7:01  Overlord  
  52  7:17  Overlord  
  52  7:18  Drone x2  
  52  7:19  Drone x2  
  55  7:25  Drone  
  55  7:26  Drone x7  
  63  7:33  Drone x3  
  63  7:43  Adrenal Glands  
  63  7:46  Greater Spire  
  63  7:50  Drone  
  63  7:51  Drone x3  
  65  7:52  Drone x2  
  69  7:59  Hatchery  
  69  8:03  Drone  
  69  8:04  Drone x2  
  71  8:12  Overlord  
  71  8:13  Drone  
  71  8:14  Drone x6  
  71  8:15  Corruptor  
  71  8:18  Zerg Melee Weapons Level 1  
  80  8:22  Overlord x2  
  80  8:23  Overlord x2  
  80  8:26  Drone x2  
  82  8:30  Drone  
  82  8:31  Drone, Extractor  
  82  8:34  Extractor  
  82  8:36  Corruptor x2  
  82  8:38  Corruptor  
  86  8:42  Overlord  
  86  8:47  Corruptor  
  85  9:01  Corruptor  
  85  9:02  Corruptor x2  
  91  9:07  Brood Lord  
  93  9:11  Brood Lord, Hatchery  
  93  9:13  Brood Lord  
  93  9:15  Zergling x2  
  93  9:16  Zergling x2  
  99  9:17  Zergling x2  
  99  9:18  Zergling x2  
  99  9:19  Zergling x2  
  99  9:23  Zergling x2  
  102  9:29  Evolution Chamber  
  101  9:33  Brood Lord x2  
  101  9:34  Brood Lord x2  
  109  9:40  Zergling x10  
  109  9:41  Zergling x2  
  115  9:45  Drone  
  115  9:47  Drone x5  
  120  9:53  Pneumatized Carapace  
  120  10:02  Zergling x2  
  120  10:04  Mutalisk x3  
  120  10:06  Corruptor  
  129  10:09  Overlord  
  129  10:10  Overlord x3  
  129  10:11  Overlord  
  129  10:16  Corruptor x2  
  129  10:18  Drone x2  
  135  10:24  Drone x2  
  135  10:25  Drone x6  
  143  10:43  Extractor  
  143  10:48  Extractor  
  141  10:52  Brood Lord  
  141  10:53  Overlord x3  
  141  10:54  Overlord  
Show
View Real Time Build Order
Export as new Build Order

暴风雪爸爸 Protoss - Winner!

Build Orders: Blink Stalkers 

Get SALT Encoding   

  12  0:01  Probe  
  13  0:15  Probe  
  14  0:22  Pylon  
  14  0:28  Probe  
  15  0:41  Probe, Gateway  
  15  0:49  Probe  
  16  0:54  Assimilator  
  17  1:01  Probe  
  18  1:15  Probe  
  19  1:27  Probe  
  20  1:33  Cybernetics Core  
  20  1:52  Nexus  
  20  1:55  Pylon  
  20  1:58  Probe  
  21  2:06  Warp Gate  
  21  2:11  Probe  
  21  2:12  Stalker  
  24  2:28  Probe  
  25  2:34  Assimilator  
  25  2:48  Probe  
  26  2:54  Pylon  
  26  3:04  Twilight Council  
  26  3:07  Gateway  
  26  3:08  Gateway  
  26  3:11  Gateway  
  26  3:19  Shield Battery  
  26  3:29  Probe  
  26  3:31  Blink  
  27  3:38  Pylon  
  27  3:46  Probe  
  27  3:47  Pylon  
  28  4:00  Probe  
  28  4:02  Stalker x2  
  33  4:26  Stalker  
  33  4:27  Stalker x3  
  41  4:44  Probe x2  
  41  4:47  Gateway  
  41  4:49  Assimilator  
  41  4:52  Probe  
  43  4:53  Probe, Pylon  
  43  4:56  Pylon  
  45  5:02  Probe x2  
  47  5:28  Stalker  
  47  5:29  Stalker x3  
  53  5:50  Probe x2  
  55  5:57  Pylon  
  55  6:02  Forge, Probe x2  
  57  6:14  Probe  
  57  6:15  Probe  
  59  6:20  Stalker x5  
  69  6:26  Probe  
  69  6:27  Probe  
  69  6:33  Robotics Facility  
  69  6:35  Gateway  
  63  6:44  Stalker  
  63  6:45  Stalker  
  65  6:56  Probe x2  
  67  7:02  Pylon  
  67  7:04  Pylon  
  67  7:08  Probe x2, Gateway  
  69  7:20  Probe x2  
  67  7:22  Pylon  
  59  7:32  Stalker x4, Probe x2  
  67  7:39  Protoss Ground Weapons Level 1  
  67  7:44  Probe  
  67  7:46  Assimilator  
  68  7:57  Stalker  
  68  7:58  Stalker x2  
  74  8:13  Charge  
  74  8:18  Observer  
  75  8:22  Nexus  
  75  8:25  Pylon  
  75  8:29  Zealot, Assimilator  
  75  8:30  Zealot x6  
  75  8:33  Assimilator  
  89  8:38  Forge  
  89  8:39  Probe  
  90  8:47  Protoss Ground Armor Level 1  
  90  8:56  Stalker  
  90  8:57  Stalker x6  
  86  9:37  Stalker x2  
  86  9:38  Stalker x4  
  92  9:47  Probe  
  93  10:19  Stalker x3  
  93  10:20  Stalker x4  
  107  10:40  Gateway  
  107  10:43  Gateway x2  
  107  10:49  Gateway  
  107  10:50  Gateway  
  107  10:51  Gateway  
  107  10:52  Stalker x3  
Show
View Real Time Build Order
Export as new Build Order

博哥大舅子 Protoss 

Build Orders: 1 Gate Expand 

Get SALT Encoding   

  12  0:01  Probe  
  13  0:13  Probe  
  14  0:18  Pylon  
  14  0:26  Probe  
  15  0:38  Probe  
  15  0:40  Gateway  
  16  0:50  Probe  
  16  0:55  Assimilator  
  17  1:02  Probe  
  18  1:14  Probe  
  19  1:32  Nexus  
  19  1:33  Cybernetics Core  
  19  1:38  Probe  
  20  1:43  Assimilator  
  20  1:50  Probe  
  21  1:58  Pylon  
  21  2:02  Probe  
  22  2:12  Gateway  
  22  2:13  Stalker, Warp Gate  
  22  2:21  Probe  
  25  2:32  Robotics Facility  
  25  2:33  Probe  
  25  2:37  Stalker  
  26  2:43  Probe  
  26  2:44  Probe  
  30  2:51  Probe  
  30  2:52  Probe  
  32  2:59  Probe  
  32  3:00  Probe  
  34  3:10  Probe  
  34  3:11  Probe  
  36  3:15  Pylon  
  36  3:16  Immortal  
  40  3:27  Stalker  
  40  3:28  Stalker  
  40  3:42  Probe  
  40  3:43  Probe  
  42  3:54  Stalker, Probe  
  46  4:10  Probe x2  
  46  4:12  Assimilator  
  46  4:16  Stalker, Assimilator  
  49  4:18  Pylon  
  49  4:22  Probe x2  
  38  4:43  Zealot  
  38  4:44  Zealot  
  1  7:44  Probe  
  2  7:56  Probe  
  3  8:08  Probe  
  3  8:12  Pylon  
  4  8:21  Probe  
  5  8:33  Probe  
  4  8:45  Probe  
  5  9:38  Probe  
  6  9:50  Probe  
  7  10:02  Probe  
  8  10:14  Probe  
  9  10:26  Probe  
  10  10:39  Probe  
Show
View Real Time Build Order
Export as new Build Order

IIIIIIIIIIII Zerg 

Build Orders: Pool First 

Get SALT Encoding   

  12  0:00  Drone  
  13  0:07  Drone  
  14  0:15  Extractor, Drone  
  15  0:22  Overlord  
  15  0:39  Spawning Pool  
  15  0:40  Drone  
  15  0:44  Drone  
  15  0:48  Drone  
  17  1:15  Hatchery  
  16  1:26  Zergling x4  
  16  1:27  Queen  
  16  1:30  Extractor  
  19  1:37  Drone  
  20  1:45  Drone  
  21  1:54  Drone  
  21  1:59  Extractor  
  21  2:01  Drone  
  22  2:26  Queen  
  22  2:29  Overlord  
  24  2:39  Drone  
  24  2:40  Drone x3  
  28  2:58  Drone x5  
  32  3:08  Drone  
  32  3:12  Zergling x4  
  27  3:27  Drone x2  
  27  3:31  Zergling x2  
  29  3:36  Zergling x2  
  29  3:39  Zergling x2  
  31  3:45  Queen  
  27  3:52  Zergling x4  
  27  3:53  Zergling x2  
  11  4:20  Zergling x6  
  8  6:11  Zergling x12  
  14  6:58  Zergling x6  
  16  7:15  Zergling x2  
  16  7:16  Zergling x4  
  17  7:32  Zergling x2  
  13  8:21  Drone x2  
  13  8:24  Zergling x2  
  13  8:25  Zergling x4  
  3  10:00  Drone  
  3  10:01  Drone x3  
  7  10:07  Drone x3  
Show
View Real Time Build Order
Export as new Build Order

光影之间 Protoss 

Build Orders: Nexus First 

Get SALT Encoding   

  12  0:13  Probe  
  13  0:26  Probe  
  14  0:38  Probe  
  15  0:50  Pylon  
  15  0:59  Nexus  
  15  1:08  Probe  
  15  1:11  Gateway  
  16  1:21  Probe  
  17  1:25  Assimilator  
  17  1:30  Assimilator  
  17  1:31  Probe  
  17  1:39  Probe  
  19  1:47  Probe  
  20  1:59  Cybernetics Core, Probe  
  21  2:08  Probe  
  21  2:11  Probe  
  23  2:16  Probe  
  24  2:23  Probe  
  24  2:24  Assimilator  
  24  2:25  Probe  
  26  2:35  Probe  
  27  2:39  Stargate  
  27  2:45  Probe  
  27  2:47  Probe  
  29  2:53  Stargate  
  29  2:57  Probe  
  30  3:00  Probe  
  31  3:10  Probe  
  31  3:12  Probe  
  33  3:14  Pylon  
  33  3:22  Probe  
  34  3:28  Probe  
  34  3:29  Forge  
  34  3:30  Pylon  
  35  3:35  Probe  
  35  3:37  Void Ray  
  35  3:40  Probe  
  45  3:53  Void Ray  
  45  4:04  Probe  
  45  4:06  Assimilator  
  46  4:17  Probe  
  47  4:59  Void Ray  
  53  5:02  Pylon  
  53  5:05  Void Ray, Pylon  
  27  8:03  Probe  
  27  8:05  Photon Cannon  
  24  8:07  Photon Cannon  
  24  8:10  Photon Cannon  
  24  8:13  Photon Cannon  
  24  8:15  Probe  
  24  8:16  Photon Cannon  
  24  8:18  Photon Cannon  
  25  8:20  Photon Cannon  
Show
View Real Time Build Order
Export as new Build Order

underman Protoss 

Build Orders:  

Get SALT Encoding   

  12  0:02  Probe  
  13  0:14  Probe  
  14  0:23  Pylon  
  14  0:34  Probe  
  15  0:42  Probe  
  16  0:50  Probe  
  17  1:08  Nexus  
  17  1:13  Forge  
  17  1:17  Probe  
  18  1:29  Probe  
  19  1:41  Probe  
  20  1:47  Pylon  
  20  1:53  Probe  
  21  2:09  Photon Cannon  
  21  2:12  Gateway  
  21  2:16  Probe  
  22  2:28  Probe  
  22  2:40  Pylon  
  22  2:47  Probe  
  23  2:51  Assimilator  
  23  2:52  Zealot  
  23  2:54  Assimilator  
  23  2:57  Assimilator  
  23  2:59  Cybernetics Core, Probe  
  26  3:11  Probe  
  27  3:15  Pylon  
  27  3:18  Zealot  
  29  3:23  Probe  
  30  3:37  Photon Cannon  
  28  3:41  Photon Cannon  
  28  3:43  Probe, Warp Gate  
  28  3:45  Zealot  
  31  3:55  Probe  
  32  4:13  Probe  
  32  4:16  Gateway  
  33  4:19  Gateway  
  33  4:23  Gateway  
  33  4:25  Probe, Gateway  
  33  4:27  Assimilator  
  32  4:49  Pylon x2  
  32  5:03  Probe  
  32  5:07  Pylon  
  31  5:08  Gateway  
  31  5:10  Gateway  
  31  5:13  Probe  
  32  5:15  Probe  
  33  5:26  Probe  
  34  5:32  Stalker x4  
  34  5:33  Stalker  
  44  5:37  Pylon  
  44  5:40  Pylon  
  43  5:56  Stalker x4  
  43  5:57  Stalker  
  53  6:13  Stalker  
  53  6:14  Stalker  
  57  6:28  Stalker x2  
  57  6:29  Stalker x3  
  65  6:44  Stalker x2  
  65  6:45  Pylon  
  69  6:51  Twilight Council  
  69  7:00  Stalker x3  
  69  7:01  Stalker x2  
  79  7:06  Pylon  
  78  7:08  Pylon  
  78  7:09  Pylon  
  78  7:12  Pylon  
  78  7:23  Stalker  
  78  7:24  Stalker x2  
  78  7:25  Stalker x4  
  82  7:47  Stalker x4  
  82  7:48  Stalker x2  
  82  7:49  Stalker  
  92  8:12  Stalker x4  
  98  8:13  Stalker x2  
  104  8:31  Stalker  
  105  8:48  Stalker x4  
  109  8:49  Stalker  
  115  8:58  Pylon  
  55  9:34  Stalker x3  
  55  9:35  Stalker x4  
  51  9:42  Probe  
  51  9:44  Assimilator  
  36  9:52  Probe  
  37  10:02  Stalker x3  
  37  10:04  Probe, Zealot x4  
  52  10:17  Probe  
  53  10:24  Nexus, Stalker  
  53  10:25  Stalker x4  
  53  10:26  Stalker x2  
  67  10:30  Nexus  
  38  10:57  Stalker x3  
  38  10:58  Stalker x4  
Tags
 
Add a new tag
Caveats
  • Supply blocks, unpowered buildings, or Contaminate may cause inaccurate times.
  • Supply counts are checked every 10 seconds.